 Dungeon Crawl Stone Soup version 0.19-a0-1834-g6b7851e (webtiles) character file.

1183 Alarkh the Poker (level 8, 0/56 HPs)
             Began as a Mummy Skald on Oct 9, 2016.
             Slain by a bullfrog (3 damage)
             ... on level 6 of the Dungeon.
             The game lasted 00:11:37 (5601 turns).

Alarkh the Poker (Mummy Skald)                      Turns: 5601, Time: 00:11:38

Health: 0/56       AC:  6    Str: 16    XL:     8   Next: 19%
Magic:  12/12      EV: 11    Int: 13    God:
Gold:   136        SH:  0    Dex: 11    Spells: 3 memorised, 7 levels left

rFire  x . .     SeeInvis +     a - +0 spear
rCold  + . .     Gourm    .     b - +0 leather armour
rNeg   + + +     Faith    .     (no shield)
rPois  ∞         Spirit   .     (no helmet)
rElec  .         Dismiss  .     s - +0 cloak
rCorr  .         Reflect  .     (no gloves)
MR     +....     Harm     .     m - +1 pair of boots
Stlth  +.........               j - amulet of regeneration
                                (no ring)
                                q - ring of see invisible

@: no status effects
A: no food or potions, fire vulnerability, cold resistance 1, negative energy
resistance 3, torment resistance, unbreathing
a: no special abilities


You were on level 6 of the Dungeon.
You were not hungry.

You visited 1 branch of the dungeon, and saw 7 of its levels.
You also visited: Ossuary.

You collected 136 gold pieces.

Inventory:

Hand Weapons
 a - a +0 spear (weapon)
Armour
 b - a +0 leather armour (worn)
 m - a +1 pair of boots (worn)
 s - a +0 cloak (worn)
Magical Staves
 t - an uncursed staff of poison
Jewellery
 j - an amulet of regeneration (around neck)
 q - a ring of see invisible (left hand)
Wands
 u - a wand of iceblast (6/15)
 v - a wand of iceblast (13/15)
Scrolls
 d - 4 scrolls of amnesia
 e - a scroll of identify
 f - a scroll of recharging
 g - a scroll of teleportation
 h - 3 scrolls of enchant weapon
 i - a scroll of noise {unknown}
 k - 2 scrolls of remove curse {unknown}
 l - 2 scrolls of fear {unknown}
 n - 2 scrolls of magic mapping {unknown}
 o - a scroll of random uselessness {unknown}
 p - 2 scrolls of immolation
 r - a scroll of enchant armour {unknown}
Books
 c - a book of Battle

   Spells                             Type                      Level
   a - Infusion                       Charms                       1
   b - Shroud of Golubria             Charms/Translocation         2
   c - Song of Slaying                Charms                       2
   d - Spectral Weapon                Hexes/Charms                 3
   e - Regeneration                   Charms/Necromancy            3


   Skills:
 - Level 2.0 Fighting
 * Level 7.7 Polearms
 - Level 0.7 Armour
 - Level 0.7 Dodging
 + Level 3.0 Spellcasting
 + Level 3.2 Charms


You had 7 spell levels left.
You knew the following spells:

 Your Spells              Type           Power        Failure   Level  Hunger
a - Infusion              Chrm           ##..         10%         1    N/A
b - Shroud of Golubria    Chrm/Tloc      #.........   24%         2    N/A
c - Spectral Weapon       Hex/Chrm       #.......     52%         3    N/A

Dungeon Overview and Level Annotations

Branches:
Dungeon (7/15)
 Temple: D:4-7

Altars:
Ashenzari
Kikubaaqudgha
Ru
Trog
Uskayaw
Xom
The Shining One

Shops:
D:4 [=}!

Annotations:
D:6 barakagiga's ghost, novice OgFE


Innate Abilities, Weirdness & Mutations

You do not eat or drink.
Your flesh is vulnerable to fire.
You are immune to poison.
Your flesh is cold resistant. (rC+)
You are immune to negative energy. (rN+++)
You are immune to unholy pain and torment.
You can survive without breathing.


Message History

The worker ant closely misses you.
The howler monkey hoots and howls with incredible vigour!
There is a stone staircase leading up here.
The bullfrog hits you!
The worker ant bites you but does no damage.
The bullfrog hits you.
* * * LOW HITPOINT WARNING * * *
The hound skeleton misses you.
You climb upwards.
Level annotation: barakagiga's ghost, novice OgFE The orc warrior closely misses you.
The orc hits you.
* * * LOW HITPOINT WARNING * * *
There is a stone staircase leading down here.
Okay, then.
The orc warrior hits you with a trident!
* * * LOW HITPOINT WARNING * * *
The worker ant bites you but does no damage.
The orc warrior barely misses you. The worker ant closely misses you.
The bullfrog hits you.
You die...

......o###
#.......# #
#.......###. #.
#.oo........ #..
#..........# #..#
##.####.##.#
#...######.####.#
#...#a>........#
#.@Fo<.........
#.##o..........
... #.........##
#..# ####.#.#..#
.... ..#.#.##
##.## #....... ..
.. #.###.....##
#. ##.###...#..#.
............#.


You could see an orc warrior, a bullfrog, a worker ant and an orc.

Vanquished Creatures
  Menkaure (D:3)
  Purgy (D:4)
  3 phantoms
  A centaur (D:5)
  A scorpion (D:5)
  2 crimson imps (D:5)
  A centaur zombie (D:5)
  A centaur skeleton (D:4)
  A jelly (D:5)
  An orc wizard (D:5)
  Jessica (D:2)
  Ijyb (D:2)
  A worker ant (D:4)
  3 big kobold zombies (Ossuary)
  A mummy (Ossuary)
  8 gnolls
  4 adders
  A shadow imp (D:5)
  An ooze (D:1)
  2 worms (D:3)
  3 dart slugs
  3 leopard geckos (D:3)
  2 orcs (D:3)
  5 spectral bats (Ossuary)
  3 ball pythons
  8 bats
  3 giant cockroaches
  8 goblins
  8 hobgoblins
  10 jackals
  17 kobolds
  A quokka (D:2)
  A bat simulacrum (Ossuary)
  6 frilled lizards
  8 gnoll zombies (Ossuary)
  2 goblin simulacra (Ossuary)
  4 goblin zombies (Ossuary)
  6 hobgoblin zombies (Ossuary)
  2 kobold simulacra (Ossuary)
  A kobold zombie (Ossuary)
  5 orc zombies (Ossuary)
  A quokka skeleton (D:5)
  4 rats
  5 rat simulacra (Ossuary)
  3 spectral goblins (Ossuary)
  4 spectral rats (Ossuary)
  A plant (D:3)
160 creatures vanquished.

Vanquished Creatures (others)
  A bat simulacrum (Ossuary)
  A gnoll zombie (Ossuary)
  A goblin simulacrum (Ossuary)
  A hobgoblin zombie (Ossuary)
  3 kobold simulacra (Ossuary)
  An orc zombie (Ossuary)
  A spectral weapon (D:5)
9 creatures vanquished.

Grand Total: 169 creatures vanquished

Notes
Turn   | Place    | Note
-------+----------+-------------------------------------------
     0 | D:1      | Alarkh the Mummy Skald began the quest for the Orb.
     0 | D:1      | Reached XP level 1. HP: 16/16 MP: 3/3
    52 | D:1      | Reached skill level 2 in Polearms
    94 | D:1      | Reached XP level 2. HP: 17/22 MP: 0/5
   559 | D:1      | Reached XP level 3. HP: 25/27 MP: 3/6
   761 | D:2      | Noticed Jessica
   770 | D:2      | Killed Jessica
   770 | D:2      | Reached skill level 3 in Polearms
  1046 | D:2      | Learned a level 2 spell: Shroud of Golubria
  1050 | D:2      | Learned a level 3 spell: Spectral Weapon
  1106 | D:2      | Reached XP level 4. HP: 33/33 MP: 4/7
  1342 | D:2      | Found a shattered altar of Ashenzari.
  1666 | D:3      | Noticed Ijyb
  1694 | D:2      | Killed Ijyb
  1694 | D:2      | Reached skill level 4 in Polearms
  1796 | D:3      | Found a shimmering altar of Xom.
  1797 | D:3      | Found an ancient bone altar of Kikubaaqudgha.
  1887 | D:3      | Reached XP level 5. HP: 36/38 MP: 5/8
  2208 | D:4      | Found Muohoap's Jewellery Shoppe.
  2232 | D:4      | Found a sand-covered staircase.
  2246 | D:4      | Found Fapseops's Antique Armour Shop.
  2270 | Ossuary  | Entered an ossuary
  2696 | Ossuary  | Reached skill level 5 in Polearms
  2880 | D:4      | Noticed Menkaure
  3488 | D:3      | Killed Menkaure
  3488 | D:3      | Reached XP level 6. HP: 44/44 MP: 1/9
  3511 | D:4      | Found Tomek's Distillery.
  3528 | D:4      | Found a glowing golden altar of the Shining One.
  3702 | D:4      | Reached skill level 6 in Polearms
  3767 | D:4      | Noticed Purgy
  3817 | D:4      | Killed Purgy
  3817 | D:4      | Reached XP level 7. HP: 23/50 MP: 1/10
  3976 | D:4      | Found a bloodstained altar of Trog.
  3976 | D:4      | Found a hide-covered altar of Uskayaw.
  4125 | D:4      | Found Picseudd's Gadget Boutique.
  4323 | D:4      | Reached skill level 7 in Polearms
  4375 | D:5      | Entered Level 5 of the Dungeon
  4725 | D:5      | Found a sacrificial altar of Ru.
  4855 | D:5      | Reached XP level 8. HP: 37/56 MP: 8/12
  5360 | D:6      | Noticed barakagiga's ghost (novice OgFE)
  5601 | D:6      | Slain by a bullfrog

Vault maps used:
D:1:      roderic_crossed_star
D:2:      nicolae_ashenzari_panopticon, uniq_jessica
D:3:      nicolae_overflow_hidden_temple, lexackson_kobold_supper, uniq_iyjb
D:4:      gammafunk_temple_overflow_wave, nicolae_ossuary_entry_monument,
          serial_shops, shop, nicolae_shop_statue_plus, shop,
          kennysheep_little_box, hex_medium, tso_metal_star, uniq_purgy,
          uniq_menkaure
D:5:      first_bread, nicolae_ru_great_annihilating_truth
D:6:      roderic_batcave, minmay_misc_feat_alley, minmay_divided_ellipse
D:7:      basic_altar
Ossuary:  ossuary_zaba_two_paths

Skill      XL: |  1  2  3  4  5  6  7  8 |
---------------+-------------------------+-----
Polearms       | 2 3 4 5 6 7 |  7.7
Charms         | 3 |  3.2
Spellcasting   | 3 |  3.0
Fighting       | |  2.0
Armour         | |  0.7
Dodging        | |  0.7

Action                   |  1- 3 |  4- 6 |  7- 9 || total
-------------------------+-------+-------+-------++-------
Melee: Spear             |   110 |   481 |   266 ||   857
 Cast: Infusion          |    17 |    26 |     6 ||    49
       Shroud of Golubri |       |     6 |     2 ||     8
       Spectral Weapon   |       |     3 |     9 ||    12
  Use: Scroll            |       |     2 |     3 ||     5
 Stab: Distracted        |     1 |     2 |     1 ||     4
       Sleeping          |     1 |     1 |     1 ||     3
       Paralysed         |       |       |     3 ||     3
       Invisible         |       |       |     1 ||     1
Armor: Leather armour    |    20 |   105 |    63 ||   188
Dodge: Dodged            |    53 |   162 |   109 ||   324
